 Dungeon Crawl Stone Soup version 0.23-a0-309-ge7838e6 (webtiles) character file.

42 b5mith the Conjurer (level 3, 0/33 HPs)
             Began as a Troll Conjurer on Oct 11, 2018.
             Slain by an adder (3 damage)
             ... on level 2 of the Dungeon.
             The game lasted 00:04:42 (766 turns).

b5mith the Conjurer (Troll Conjurer)                 Turns: 766, Time: 00:04:42

Health: 0/33       AC:  5    Str: 17    XL:     3   Next: 33%
Magic:  4/4        EV: 10    Int: 11    God:
Gold:   85         SH:  0    Dex: 10    Spells: 3/4 levels left

rFire    . . .     SeeInvis .   g - +4 hand axe
rCold    . . .     Gourm    +   (no shield)
rNeg     . . .     Faith    .   a - +0 robe
rPois    .         Spirit   .   (helmet restricted)
rElec    .         Reflect  .   (no cloak)
rCorr    .         Harm     .   (gloves unavailable)
MR       .....                  (boots unavailable)
Stlth    +.........             (no amulet)
HPRegen  0.51/turn              (no ring)
MPRegen  0.09/turn              (no ring)

@: lethally poisoned (0 -> -1)
A: large, unfitting armour, claws 3, fast metabolism 3, gourmand, regeneration
1, shaggy fur 1, tough skin 2
a: no special abilities


You were on level 2 of the Dungeon.
You were not hungry.

You visited 1 branch of the dungeon, and saw 2 of its levels.

You collected 85 gold pieces.

Inventory:

Hand Weapons
 g - a +4 hand axe (weapon)
   (You found it on level 1 of the Dungeon)
Armour
 a - a +0 robe (worn)
 j - a +0 ring mail
   (You found it on level 1 of the Dungeon)
Scrolls
 b - 3 scrolls of identify {unknown}
 d - a scroll of enchant armour {unknown}
 e - a scroll of fear {unknown}
 h - 2 scrolls of teleportation {unknown}
Potions
 f - 2 potions of brilliance {unknown}
 i - 2 potions of curing {unknown}
 k - 2 potions of lignification {unknown}
Comestibles
 c - 6 rations


   Skills:
 + Level 1.4 Fighting
 + Level 1.3 Axes
 - Level 1.5 Dodging
 - Level 1.0 Stealth
 - Level 0.2 Unarmed Combat
 - Level 1.3 Spellcasting
 - Level 3.0 Conjurations


You had 3 spell levels left.
You knew the following spells:

 Your Spells              Type           Power        Failure   Level  Hunger
a - Magic Dart            Conj           #...         9%          1    ##.....

Your spell library contained the following spells:

 Spells                   Type           Power        Failure   Level  Hunger
 Searing Ray              Conj           #.....       13%         2    ###....
 Dazzling Spray           Conj/Hex       #.....       45%         3    ####...
 Iskenderun's Mystic Bla  Conj           #.......     65%         4    #####..
 Force Lance              Conj/Tloc      #.......     86%         4    #####..
 Fulminant Prism          Conj/Hex       #.........   86%         4    #####..


Dungeon Overview and Level Annotations

Branches:
Dungeon (2/15)

Altars:


Innate Abilities, Weirdness & Mutations

You are too large for most types of armour.
You have claws for hands.
Your metabolism is lightning-fast.
You like to eat raw meat.
Your natural rate of healing is unusually fast.
You are covered in fur. (AC +1)
You have very tough skin. (AC +2)


Message History

You are more poisoned.
The adder poisons you! The ooze closely misses you.
You are too injured to fight recklessly!
You are too injured to fight recklessly!
You are too injured to fight recklessly!
You miss the adder.
The adder is almost dead.
You barely miss the ooze.
You feel sick. The adder bites you.
* * * LOW HITPOINT WARNING * * *
The ooze barely misses you. The adder bites you but does no damage.
You feel sick. The adder bites you but does no damage.
You feel sick.
You slash the adder!
You kill the adder!
You have reached level 3!
Your experience leads to an increase in your attributes!
Increase (S)trength, (I)ntelligence, or (D)exterity?
You feel stronger. x2
You hit the ooze.
You feel sick. The ooze barely misses you.
You hit the ooze.
The ooze is heavily wounded.
You feel sick. The ooze barely misses you. The ooze hits you.
* * * LOW HITPOINT WARNING * * *
You slash the ooze!
You kill the ooze!
You hit the adder.
You feel sick. The adder barely misses you. x2
You closely miss the adder.
The adder is lightly wounded.
You feel sick. The adder closely misses you. The adder bites you.
* * * LOW HITPOINT WARNING * * *
You closely miss the adder.
The adder is lightly wounded.
You feel sick. The adder bites you.
* * * LOW HITPOINT WARNING * * *
You are more poisoned.
The adder poisons you!
You hit the adder.
The adder is heavily wounded.
You feel sick. The adder barely misses you. The adder bites you.
* * * LOW HITPOINT WARNING * * *
You closely miss the adder.
The adder is heavily wounded.
You feel sick. The adder closely misses you. The adder misses you.
You miss the adder.
The adder is heavily wounded.
You feel sick. The adder bites you but does no damage.
You barely miss the adder.
The adder is heavily wounded.
You feel sick. The adder bites you.
You die...

#####################
....................
.....########.#.#.#
..##.##.......#...##
..##.##.####....@S.#
..##.##.# #...##.....#
..##.##.####...##..#.....#
..+..................###.#
..##....##.#.#####....
#.########.#.. ...#+# #.#
# ... .... #.# ###. .....


You could see an adder.

Vanquished Creatures
  2 adders
  An ooze (D:2)
  A worm (D:1)
  A dart slug (D:1)
  2 bats
  A giant cockroach (D:1)
  A goblin (D:1)
  A hobgoblin (D:1)
  2 kobolds (D:1)
  4 rats (D:1)
16 creatures vanquished.

Notes
Turn   | Place    | Note
-------+----------+-------------------------------------------
     0 | D:1      | b5mith the Troll Conjurer began the quest for the Orb.
     0 | D:1      | Reached XP level 1. HP: 16/16 MP: 1/1
   197 | D:1      | Reached skill level 3 in Conjurations
   323 | D:1      | Reached XP level 2. HP: 26/26 MP: 3/3
   691 | D:1      | Reached skill level 1 in Fighting
   691 | D:1      | Reached skill level 1 in Axes
   758 | D:2      | Reached XP level 3. HP: 12/33 MP: 4/4
   766 | D:2      | Slain by an adder

Vault maps used:
D:1:      scummos_arrival_forest, minmay_pentomino_x4
D:2:      tso_metal_star

Skill      XL: |  1  2 |
---------------+-------+-----
Conjurations   | 3 |  3.0
Fighting       | 1 |  1.4
Axes           | 1 |  1.3
Dodging        | |  1.5
Stealth        | |  1.0
Unarmed Combat | |  0.2
Spellcasting   | |  1.3

Action                   || total
-------------------------++-------
Melee: Hand axe          ||    58
       Unarmed           ||     5
       Punch             ||     1
 Cast: Magic Dart        ||     1
  Eat: Chunk             ||     8
Armor: Robe              ||    38
Dodge: Dodged            ||    44

Table legend:
 A = Non-vault XP
 B = Vault XP
 C = Vault XP percentage of total XP
 D = Non-vault monster count
 E = Vault monster count
 F = Vault count percentage of total count
                 A         B        C        D         E       F
            +---------+---------+-------+---------+---------+-------
      Total |      56 |       4 |   6.7 |      13 |       3 |  18.8
            +---------+---------+-------+---------+---------+-------
        D:1 |      33 |       4 |  10.8 |      10 |       3 |  23.1
        D:2 |      23 |       0 |   0.0 |       3 |       0 |   0.0
            +---------+---------+-------+---------+---------+-------
